 Dungeon Crawl Stone Soup version 0.29.1-13-g9f3cf754e1 (webtiles) character file.

Game seed: 4777008255229120140

22 theblackgale the Firebug (level 2, 0/20 HPs)
             Began as a Gnoll Fire Elementalist on Feb 9, 2023.
             Succumbed to an adder's poison
             ... on level 2 of the Dungeon.
             The game lasted 00:05:11 (1070 turns).

theblackgale the Firebug (Gnoll Fire Elementalist)  Turns: 1070, Time: 00:05:11

Health: 0/20       AC:  2    Str:  6 (7)  XL:     2   Next: 91%
Magic:  7/7        EV: 13    Int: 11 (14) God:
Gold:   47         SH:  0    Dex: 10 (12) Spells: 9/10 levels left

rFire   . . .      SeeInvis .   c - +0 sling (flame)
rCold   . . .      Faith    .   (no shield)
rNeg    . . .      Spirit   .   a - +0 robe
rPois   .          Reflect  .   (no helmet)
rElec   .          Harm     .   (no cloak)
rCorr   .          Rampage  .   (no gloves)
Will    .....                   (no boots)
Stlth   ++........              (no amulet)
HPRegen 0.06/turn               (no ring)
MPRegen 0.10/turn               (no ring)

@: lethally poisoned (0 -> -3)
A: fangs 1, strong nose, distributed training
a: no special abilities


You were on level 2 of the Dungeon.
You visited 1 branch of the dungeon, and saw 2 of its levels.

You collected 47 gold pieces.

Inventory:

Hand Weapons
 c - a +0 sling of flaming (weapon)
Missiles
 d - 9 stones
Armour
 a - a +0 robe (worn)
 e - a +0 leather armour
Scrolls
 h - a scroll of identify {unknown}
Potions
 b - a potion of magic
 f - 2 potions of degeneration
 g - 3 potions of curing {unknown}
 i - a potion of mutation {unknown}


   Skills:
 + Level 0.5 Fighting
 + Level 0.5 Short Blades
 + Level 0.5 Long Blades
 + Level 0.5 Axes
 + Level 0.5 Maces & Flails
 + Level 0.5 Polearms
 + Level 0.5 Staves
 + Level 0.5 Ranged Weapons
 + Level 0.5 Throwing
 + Level 0.5 Armour
 + Level 4.5 Dodging
 + Level 4.1 Stealth
 + Level 0.5 Shields
 + Level 0.5 Unarmed Combat
 + Level 4.9 Spellcasting
 + Level 2.0 Conjurations
 + Level 0.4 Hexes
 + Level 0.4 Summonings
 + Level 0.4 Necromancy
 + Level 0.4 Translocations
 + Level 0.4 Transmutations
 + Level 5.4 Fire Magic
 + Level 0.4 Ice Magic
 + Level 0.4 Air Magic
 + Level 0.4 Earth Magic
 + Level 0.4 Poison Magic
 + Level 0.7 Invocations
 + Level 0.5 Evocations


You had 9 spell levels left.
You knew the following spells:

 Your Spells              Type           Power      Damage    Failure   Level
a - Foxfire               Conj/Fire      40%        2x1d6     4%          1

Your spell library contained the following spells:

 Spells                   Type           Power      Damage    Failure   Level
 Scorch                   Fire           28%        2d6       3%          2
 Conjure Flame            Conj/Fire      10%        6-21      14%         3
 Inner Flame              Hex/Fire       9%         N/A       21%         3
 Flame Wave               Conj/Fire      10%        2d6       43%         4
 Animate Dead             Necr           3%         N/A       88%         4
 Haunt                    Necr/Summ      1%         N/A       100%        7
 Infestation              Necr           1%         N/A       100%        8


Dungeon Overview and Level Annotations

Branches:
Dungeon (2/15)

Altars:

Shops:
D:1 =


Innate Abilities, Weirdness & Mutations

You have very sharp teeth.
Your uncanny sense of smell can sniff out nearby items.
Your experience applies equally to all skills.


Message History

You shoot a sling bullet.
The sling bullet barely misses the adder.
The adder bites you but does no damage.
A hobgoblin comes into view.
The adder bites you but does no damage.
You shoot a sling bullet.
The sling bullet barely misses the adder.
The adder closely misses you. The adder misses you.
You shoot a sling bullet. The sling bullet hits the adder.
The sling bullet burns the adder.
The adder is severely wounded.
The adder misses you. The adder bites you.
You are poisoned.
The adder poisons you!
You shoot a sling bullet. The sling bullet misses the adder.
You feel sick. The adder barely misses you. The hobgoblin closely misses you.
The adder barely misses you. The hobgoblin closely misses you.
You shoot a sling bullet.
The sling bullet closely misses the adder.
You feel sick. The adder bites you.
You are more poisoned.
The adder poisons you! The hobgoblin hits you. The adder bites you.
You are too injured to fight recklessly!
The adder attacks as you move away! The adder closely misses you.
The hobgoblin attacks as you move away!
The hobgoblin hits you but does no damage.
* * * LOW HITPOINT WARNING * * *
You feel sick.
* * * LOW HITPOINT WARNING * * *
You feel sick.
* * * LOW HITPOINT WARNING * * *
You feel sick. The hobgoblin hits you.
* * * LOW HITPOINT WARNING * * *
The hobgoblin attacks as you move away! The hobgoblin barely misses you.
* * * LOW HITPOINT WARNING * * *
You feel sick. The adder completely misses you.
It was a potion of degeneration.
There was something very wrong with that liquid.
You feel weakened.
You feel dopey.
You feel clumsy.
You die...

. .# ..#
.... ...# ##
#####....#
..
###gS@...#∆
#.#...#.####
#..<..#.#
###...#.#
#.......
........##
.###....##
#.....
#.....#


You could see an adder and a hobgoblin.

Vanquished Creatures
  2 endoplasms (D:1)
  A giant cockroach (D:1)
  A goblin (D:1)
  A hobgoblin (D:1)
  3 kobolds (D:1)
  2 quokkas (D:1)
  3 ball pythons (D:1)
  4 bats (D:1)
  A frilled lizard (D:1)
  4 rats (D:1)
22 creatures vanquished.

Vanquished Creatures (others)
  24 foxfires (D:1)
24 creatures vanquished.

Grand Total: 46 creatures vanquished

Notes
Turn   | Place    | Note
-------+----------+-------------------------------------------
     0 | D:1      | theblackgale the Gnoll Fire Elementalist began the quest
                  | for the Orb.
     0 | D:1      | Reached XP level 1. HP: 13/13 MP: 6/6
   204 | D:1      | Reached XP level 2. HP: 6/19 MP: 5/7
   247 | D:1      | Found Fujo's Jewellery Emporium.
  1069 | D:2      | HP: 1/20 [poisoned by an adder]
  1070 | D:2      | Succumbed to an adder's poison

Illustrated notes

Levels and vault maps discovered:
D:1:      dpeg_arrival_solitude, layout_loops_corners, serial_shops, shop,
          minmay_liquid_box, minmay_close_crescents
D:2:      layout_rooms, basic_altar, uniq_natasha, uniq_jessica

Skill      XL: |  1 |
---------------+----+-----
Conjurations   | 2 |  2.0
Fighting       | |  0.5
Short Blades   | |  0.5
Long Blades    | |  0.5
Axes           | |  0.5
Maces & Flails | |  0.5
Polearms       | |  0.5
Staves         | |  0.5
Ranged Weapons | |  0.5
Throwing       | |  0.5
Armour         | |  0.5
Dodging        | |  4.5
Stealth        | |  4.1
Shields        | |  0.5
Unarmed Combat | |  0.5
Spellcasting   | |  4.9
Hexes          | |  0.4
Summonings     | |  0.4
Necromancy     | |  0.4
Translocations | |  0.4
Transmutations | |  0.4
Fire Magic     | |  5.4
Ice Magic      | |  0.4
Air Magic      | |  0.4
Earth Magic    | |  0.4
Poison Magic   | |  0.4
Invocations    | |  0.7
Evocations     | |  0.5

Action                   || total
-------------------------++-------
Melee: Sling             ||     1
 Fire: Sling             ||    39
 Cast: Foxfire           ||    15
  Use: Scroll            ||     1
       Potion            ||     1
Armor: Robe              ||     7
Dodge: Dodged            ||    32
